 Dungeon Crawl Stone Soup version 0.17-a0-849-g0c87caa (webtiles) character file.

126 FedoraBrony69 the Conjurer (level 4, 0/24 HPs)
             Began as a Deep Elf Conjurer on Apr 27, 2015.
             Killed from afar by FedoraBrony69's ghost (2 damage)
             ... with a zap
             ... on level 3 of the Dungeon.
             The game lasted 00:07:21 (2718 turns).

FedoraBrony69 the Conjurer (Deep Elf Conjurer)      Turns: 2718, Time: 00:07:21

Health: 0/24       AC: 11    Str:  5      XL:     4   Next: 84%
Magic:  1/13       EV: 13    Int: 21      God:
Gold:   101        SH:  0    Dex: 14 (15) Spells: 2 memorised, 8 levels left

rFire  . . .     SeeInvis .     z - +0 trident (protect)
rCold  . . .     Clarity  .     a - +0 robe
rNeg   . . .     SustAb   .     (no shield)
rPois  .         Gourm    +     (no helmet)
rElec  .         Spirit   .     p - +0 cloak
rCorr  .         Warding  .     B - +2 pair of gloves
rMut   .         Stasis   .     (no boots)
MR     .....                    o - amulet of the gourmand
Stlth  ++........               (no ring)
                                (no ring)

@: very slightly contaminated, not resistant to hostile enchantments, unstealthy
A: no striking features
a: no special abilities


You were on level 3 of the Dungeon.
You were not hungry.

You visited 1 branch of the dungeon, and saw 3 of its levels.

You collected 101 gold pieces.

Inventory:

Hand weapons
 z - a +0 trident of protection (weapon)
Armour
 a - a +0 robe (worn)
 p - a +0 cloak (worn)
 B - a +2 pair of gloves (worn)
Jewellery
 o - an amulet of the gourmand (around neck)
Scrolls
 l - a scroll of enchant armour {unknown}
 n - 4 scrolls of random uselessness {unknown}
 q - a scroll of recharging {unknown}
 s - 2 scrolls of identify {unknown}
 w - a scroll of teleportation {unknown}
 y - 2 scrolls of amnesia {unknown}
 A - a scroll of immolation {unknown}
Potions
 d - a potion of brilliance
 f - a potion of heal wounds {unknown}
 h - a potion of invisibility
 m - a potion of degeneration
 r - a potion of lignification {unknown}
 v - a potion of might {unknown}
 C - a potion of haste {unknown}
Books
 b - a book of Conjurations

   Spells                             Type                      Level
   a - Magic Dart                     Conjuration                  1
   b - Searing Ray                    Conjuration                  2
   c - Dazzling Spray                 Conjuration/Hexes            3
   d - Fulminant Prism                Conjuration/Hexes            4
   e - Iskenderun's Mystic Blast      Conjuration                  4
   f - Iskenderun's Battlesphere      Conjuration/Charms           5
Comestibles
 c - 2 bread rations
 i - 3 fruits
 u - a royal jelly


   Skills:
 - Level 2.4 Dodging
 - Level 2.4 Stealth
 + Level 5.3 Spellcasting
 + Level 5.7 Conjurations


You had 8 spell levels left.
You knew the following spells:

 Your Spells              Type           Power        Failure   Level  Hunger
a - Magic Dart            Conj           ####         1%          1    None
b - Iskenderun's Mystic   Conj           ####....     12%         4    ####...


Dungeon Overview and Level Annotations

Branches:
Dungeon (3/15)

Altars:
Dithmenos

Annotations:
D:3 FedoraBrony69's ghost, average DEAE; Sigmund


Message History

Confirm with . or Enter, or press ? or * to list all spells.
You don't have enough magic to cast that spell.
Unknown command.
FedoraBrony69's ghost completely misses you.
You closely miss FedoraBrony69's ghost.
FedoraBrony69's ghost is heavily damaged.
FedoraBrony69's ghost hits you.
You closely miss FedoraBrony69's ghost.
FedoraBrony69's ghost is heavily damaged.
FedoraBrony69's ghost hits you but does no damage.
You miss FedoraBrony69's ghost.
FedoraBrony69's ghost is heavily damaged.
FedoraBrony69's ghost gestures at you while chanting.
The zap hits you! FedoraBrony69's ghost hits you.
* * * LOW HITPOINT WARNING * * *
You barely miss FedoraBrony69's ghost.
FedoraBrony69's ghost is heavily damaged.
FedoraBrony69's ghost gestures at you while chanting.
The zap hits you!
You die...

#..#.# #.# ....###
.. ..# ## ##.#
#..... # ### .
.#.# #.##.# .#.#.#
.....# ..$#.#
...... #.##.#
#..... #†# ######
#W# #...## #@#
#..... #.# #...##
#.# ##.#.. #.#
#.#†#
#.############.#.#
#..............#.#
################.#
############## #.#
#............# #.#


You could see FedoraBrony69's ghost.

Vanquished Creatures
  2 adders (D:2)
  An ooze (D:1)
  2 worms (D:2)
  7 giant geckos
  10 orcs
  8 goblins
  13 hobgoblins
  7 jackals
  A ball python (D:1)
  8 bats
  5 giant newts
  9 kobolds
  A quokka (D:2)
  9 rats
83 creatures vanquished.

Notes
Turn   | Place    | Note
--------------------------------------------------------------
     0 | D:1      | FedoraBrony69, the Deep Elf Conjurer, began the quest for the Orb.
     0 | D:1      | Reached XP level 1. HP: 10/10 MP: 6/6
   104 | D:1      | Reached XP level 2. HP: 12/15 MP: 0/8
   526 | D:1      | Reached skill level 5 in Conjurations
   611 | D:1      | Reached XP level 3. HP: 19/19 MP: 3/10
  1093 | D:2      | Found a shadowy altar of Dithmenos.
  1439 | D:2      | Reached XP level 4. HP: 15/24 MP: 6/12
  1756 | D:3      | Noticed Sigmund
  1778 | D:2      | Learned a level 4 spell: Iskenderun's Mystic Blast
  2095 | D:3      | Reached skill level 5 in Spellcasting
  2702 | D:3      | Noticed FedoraBrony69's ghost (average DEAE)
  2718 | D:3      | Killed from afar by FedoraBrony69's ghost

Action                   |  1- 3 |  4- 6 || total
-------------------------+-------+-------++-------
Melee: Unarmed           |     5 |       ||     5
       Dagger            |     9 |    19 ||    28
       Trident           |       |     4 ||     4
 Cast: Magic Dart        |   101 |    72 ||   173
       Iskenderun's Myst |       |     3 ||     3
  Use: Potion            |       |     5 ||     5
       Scroll            |       |     2 ||     2
  Eat: Chunk             |     1 |     5 ||     6
